 Dungeon Crawl Stone Soup version 0.19-a0-28-g8794423 (webtiles) character file.

45 FitzyFitz the Ruffian (level 3, -1/31 HPs)
             Began as a Ghoul Monk on May 1, 2016.
             Slain by a goblin (3 damage)
             ... on level 2 of the Dungeon.
             The game lasted 00:05:52 (1822 turns).

FitzyFitz the Ruffian (Ghoul Monk)                  Turns: 1822, Time: 00:05:53

Health: -1/31      AC:  2    Str: 14    XL:     3   Next: 64%
Magic:  2/2        EV: 12    Int:  6    God:
Gold:   47         SH:  0    Dex: 11    Spells: 0 memorised, 2 levels left

rFire  . . .     SeeInvis .       - Unarmed
rCold  + . .     Gourm    .     a - +0 robe
rNeg   + + +     Faith    .     (no shield)
rPois  ∞         Spirit   .     (no helmet)
rElec  .         Dismiss  .     (no cloak)
rCorr  .         Reflect  .     (no gloves)
SustAt .         Harm     .     (no boots)
MR     .....                    (no amulet)
Stlth  ++........               (no ring)
                                (no ring)

@: flying, rotting, not resistant to hostile enchantments, unstealthy
A: rotting body, claws 1, carnivore 3, cold resistance 1, negative energy
resistance 3, slow regeneration 1, torment resistance, unbreathing
a: no special abilities


You were on level 2 of the Dungeon.
You were not hungry.

You visited 1 branch of the dungeon, and saw 2 of its levels.

You collected 47 gold pieces.

Inventory:

Hand Weapons
 d - a +0 hunting sling
 e - a +0 spear of venom
 s - a +0 dagger of electrocution
Missiles
 h - 31 sling bullets
 k - 58 stones (quivered)
 o - 14 poisoned needles
Armour
 a - a +0 robe (worn)
 j - a +0 ring mail
 m - a +0 pair of gloves
Scrolls
 c - 3 scrolls of recharging {unknown}
 f - a scroll of enchant armour {unknown}
 g - a scroll of fog {unknown}
 i - 2 scrolls of identify {unknown}
 q - a scroll of magic mapping {unknown}
 r - a scroll of random uselessness {unknown}
Potions
 p - a potion of degeneration {unknown}
Comestibles
 b - a meat ration
 n - 5 fruits


   Skills:
 - Level 3.2 Fighting
 - Level 2.6 Dodging
 - Level 2.1 Stealth
 + Level 5.7 Unarmed Combat


You had 2 spell levels left.
You didn't know any spells.

Dungeon Overview and Level Annotations

Branches:
Dungeon (2/15)

Altars:

Annotations:
D:2 Ijyb


Innate Abilities, Weirdness & Mutations

Your body is rotting away.
You thrive on raw meat.
You are immune to poison.
You have sharp fingernails.
You are carnivorous and can eat meat at any time.
Your flesh is cold resistant.
You are immune to negative energy.
You regenerate slowly when monsters are visible.
You are immune to unholy pain and torment.
You can survive without breathing.


Message History

Ijyb hits you with a dagger.
* * * LOW HITPOINT WARNING * * *
You reach down and open the door.
A jackal comes into view.
Ijyb completely misses you.
There is an open door here.
The jackal closely misses you. The jackal barely misses you.
The jackal barely misses you.
You reach down and open the door.
A goblin comes into view. It is wielding a hunting sling.
The jackal closely misses you. Ijyb hits you with a dagger.
* * * LOW HITPOINT WARNING * * *
The jackal misses you.
The goblin shouts!
There is an open door here.
The goblin unwields an uncursed hunting sling.
The goblin misses you. The goblin hits you.
You die...

#...#.)#...#..≈≈≈#.#
#...#..#########≈≈.#
#...#..........#≈≈.#
#...#.)........'...#
#...#....÷.....'...#
#...#....†.....'...#
#.))#..........#≈≈##
#''##..#########≈≈#
#......#...#h@≈≈≈##
#......'..g'g.≈≈≈#
#......#...#..≈≈##
#################


You could see Ijyb, a jackal and a goblin.

Vanquished Creatures
  An adder (D:2)
  A dart slug (D:2)
  A giant gecko (D:1)
  7 goblins
  7 hobgoblins
  2 jackals (D:2)
  A bat (D:1)
  2 giant newts (D:1)
  5 kobolds
  5 rats
32 creatures vanquished.

Notes
Turn   | Place    | Note
--------------------------------------------------------------
     0 | D:1      | FitzyFitz the Ghoul Monk began the quest for the Orb.
     0 | D:1      | Reached XP level 1. HP: 19/19 MP: 0/0
   483 | D:1      | Reached XP level 2. HP: 18/26 MP: 1/1
   916 | D:1      | Reached skill level 5 in Unarmed Combat
  1433 | D:2      | Reached XP level 3. HP: 31/31 MP: 2/2
  1777 | D:2      | Noticed Ijyb
  1822 | D:2      | Slain by a goblin

Vault maps used:
D:1:      zelgadis_glass_arrival_small
D:2:      kennysheep_goblin_castle, nicolae_overflow_hidden_temple,
          marbit_many_paths, first_bread, grunt_ministairs_4

Skill      XL: |  1  2 |
---------------+-------+-----
Unarmed Combat | 5 |  5.7
Fighting       | |  3.2
Dodging        | |  2.6
Stealth        | |  2.1

Action                   || total
-------------------------++-------
Melee: Unarmed           ||   101
       Punch             ||     2
  Use: Potion            ||     1
 Stab: Sleeping          ||     3
  Eat: Chunk             ||    17
Armor: Robe              ||    11
Dodge: Dodged            ||    69
